cohdb
Replays
Latest Replays
All Replays
Popular Replays
Top Player Replays
Match Explorer
How It Works
Community
CoH3 Stats
Reddit
Sign in to upload your games and track your stats! →
Sign in with Steam
Match 32265112
Unlisted
Match 32265112
Overview
Messages
Build Orders
End
Construct Infanterie Kompanie
Grenadier Squad
Selects Mechanized Battlegroup
MG 42 Machine Gun Team
Grenadier Squad
Grenadier Squad
Construct Luftwaffe Kompanie
Jäger Squad
Selects Raid Package
Jäger Squad
Construct Panzer Kompanie
Selects StuG Assault Group
Selects UNKNOWN (2160084)
StuG Assault Group
Selects Spotting Scopes
Jäger Squad
Panther Heavy Tank
Selects Stoßtruppen Assault Package
Panther Heavy Tank
Pioneer Squad
Selects Zeroing Artillery Barrage
Pioneer Squad
Medical Station
Panther Heavy Tank
Pioneer Squad
Panther Heavy Tank
NoZ
Treiben
按f进入载具
老单枞
eye2112
龙舞青云
gUi
Halman
0
0
Comments
sign in to comment!
No comments posted yet!